 Dungeon Crawl Stone Soup version 0.27.1-33-g824d729ab1 (webtiles) character file.

Game seed: 15945505591027888845

188565 madmanarnold the Impaler (level 19, 0/247 HPs)
             Began as a Formicid Fighter on Dec 17, 2021.
             Was an Initiate of Gozag.
             Slain by an emperor scorpion (1 damage)
             ... on level 4 of the Spider Nest.
             The game lasted 01:10:03 (33861 turns).

madmanarnold the Impaler (Formicid Fighter)        Turns: 33861, Time: 01:10:05

Health: 0/247      AC: 33    Str: 29    XL:     19   Next: 25%
Magic:  0/19       EV:  2    Int:  8    God:    Gozag
Gold:   2276       SH: 18    Dex: 10    Spells: 18/18 levels left

rFire    + . .     SeeInvis .   A - +12 glaive of Prune {vorpal}
rCold    + + .     Faith    .   u - +0 tower shield {rC+}
rNeg     + + +     Spirit   .   (armour currently unavailable)
rPois    +         Reflect  .   (helmet unavailable)
rElec    +         Harm     .   (cloak currently unavailable)
rCorr    +         Rampage  .   (gloves currently unavailable)
Will     +....                  (boots currently unavailable)
Stlth    ++++......             (no amulet)
HPRegen  0.51/turn              g - +4 ring of protection
MPRegen  0.16/turn              f - ring of resist corrosion

@: mighty, lethally poisoned (0 -> -37), tree-form, resistant, gold aura,
studying Stealth
A: stationary, stasis, torment immunity, boosted hp, permanent stasis, dig
shafts and tunnels, (antennae 3), four strong arms, passive freeze, subdued
magic 1
a: Renounce Religion, Potion Petition, Call Merchant, Bribe Branch


You were on level 4 of the Spider Nest.
You worshipped Gozag.
Gozag was most pleased with you.
You were a tree.
You visited 6 branches of the dungeon, and saw 28 of its levels.
You visited the Abyss 2 times.
You also visited: Ossuary and Ice Cave.

You collected 9804 gold pieces.
You spent 3327 gold pieces at shops.
You paid 4201 gold pieces to Gozag.

Inventory:

Hand Weapons
 A - the +12 glaive of Prune (weapon) {vorpal}
   (You found it on level 14 of the Dungeon)

   It inflicts extra damage upon your enemies.
Missiles
 L - 2 throwing nets
Armour
 j - the +9 plate armour "Gogociug" (melded) {-Tele rF+++ rN+++ Str-2}
   (You found it on level 5 of the Dungeon)

   Str:       It affects your strength (-2).
   rF:        It renders you almost immune to fire.
   rN:        It renders you almost immune to negative energy.
   -Tele:     It prevents most forms of teleportation.
 u - a +0 tower shield of cold resistance (worn)
 C - a +2 cloak of poison resistance (melded)
 I - the +3 pair of gauntlets of War (melded) {Slay+5}
   (You found it in an ice cave)

   Slay:      It affects your accuracy & damage with ranged weapons and melee
   (+5).
 O - a +2 pair of boots of rampaging (melded)
 S - a +1 crystal plate armour
Jewellery
 f - a ring of resist corrosion (right branch)
 g - a +4 ring of protection (left branch)
 m - a +4 ring of evasion
 v - a ring of protection from cold
 B - a +6 ring of dexterity
 F - a ring of ice
 N - the ring of Muufuisi {Fly rPois Will+ Int+4}
   (You found it in an ice cave)

   [ring of willpower]

   Int:       It affects your intelligence (+4).
   rPois:     It protects you from poison.
   Fly:       It grants you flight.
   Will:      It increases your willpower.
 Q - a ring of protection from cold
 R - the ring "Lampaogaob" {rPois rF+ Dex+6 Stlth+}
   (You found it on level 4 of the Lair of Beasts)

   [ring of dexterity]

   Dex:       It affects your dexterity (+6).
   rF:        It protects you from fire.
   rPois:     It protects you from poison.
   Stlth:     It makes you more stealthy.
Wands
 b - a wand of charming (12)
 o - a wand of polymorph (7)
 r - a wand of iceblast (26)
 s - a wand of digging (11)
 y - a wand of paralysis (55)
 z - a wand of flame (77)
 E - a wand of acid (33)
Scrolls
 c - 4 scrolls of amnesia
 k - 6 scrolls of silence
 n - 8 scrolls of fear
 q - 6 scrolls of fog
 t - a scroll of immolation
 G - 12 scrolls of identify
 J - a scroll of brand weapon
 M - a scroll of holy word
 P - 3 scrolls of enchant weapon
Potions
 a - 3 potions of flight
 d - a potion of lignification
 e - 4 potions of heal wounds
 h - 4 potions of haste
 i - 15 potions of curing
 l - 4 potions of resistance
 w - 3 potions of attraction
 x - 3 potions of brilliance
 D - 4 potions of mutation
 H - 5 potions of invisibility
 K - 3 potions of cancellation


   Skills:
 + Level 18.6 Fighting
 + Level 19.3 Polearms
 - Level 18.0 Armour
 - Level 10.0 Stealth
 - Level 9.0 Shields


You had 18 spell levels left.
You didn't know any spells.
Your spell library contained the following spells:

 Spells                   Type           Power      Damage    Failure   Level
 Corona                   Hex            0%         N/A       82%         1
 Freeze                   Ice            0%         1d3       82%         1
 Shock                    Conj/Air       0%         1d3       82%         1
 Sting                    Tmut/Pois      0%         1d3       82%         1
 Summon Small Mammal      Summ           0%         N/A       82%         1
 Corpse Rot               Necr/Air       N/A        N/A       92%         2
 Ensorcelled Hibernation  Hex/Ice        0%         N/A       92%         2
 Passwall                 Tmut/Erth      0%         N/A       92%         2
 Poisonous Vapours        Pois/Air       0%         N/A       92%         2
 Sublimation of Blood     Necr           0%         N/A       92%         2
 Wereblood                Tmut           0%         N/A       92%         2
 Call Canine Familiar     Summ           0%         N/A       99%         3
 Dazzling Flash           Conj/Hex       0%         N/A       99%         3
 Frozen Ramparts          Ice            0%         1d2       99%         3
 Gell's Gravitas          Tloc           0%         N/A       99%         3
 Ignite Poison            Fire/Tmut/Pois 0%         N/A       99%         3
 Lesser Beckoning         Tloc           0%         N/A       99%         3
 Mephitic Cloud           Conj/Pois/Air  0%         N/A       99%         3
 Portal Projectile        Hex/Tloc       0%         N/A       99%         3
 Stone Arrow              Conj/Erth      0%         3d7       99%         3
 Summon Guardian Golem    Hex/Summ       0%         N/A       99%         3
 Teleport Other           Tloc           0%         N/A       99%         3
 Tukima's Dance           Hex            0%         N/A       99%         3
 Airstrike                Air            0%         N/A       100%        4
 Animate Armour           Summ/Erth      0%         N/A       100%        4
 Hailstorm                Conj/Ice       0%         3d3       100%        4
 Ice Form                 Ice/Tmut       0%         N/A       100%        4
 Iskenderun's Mystic Bla  Conj/Tloc      0%         2d3       100%        4
 Leda's Liquefaction      Hex/Erth       0%         N/A       100%        4
 Olgreb's Toxic Radiance  Pois           0%         N/A       100%        4
 Summon Lightning Spire   Summ/Air       0%         N/A       100%        4
 Bolt of Magma            Conj/Fire/Erth 0%         4d4       100%        5
 Freezing Cloud           Conj/Ice/Air   0%         6-21      100%        5
 Simulacrum               Ice/Necr       0%         N/A       100%        6
 Starburst                Conj/Fire      0%         6d3       100%        6
 Statue Form              Tmut/Erth      0%         N/A       100%        6
 Storm Form               Tmut/Air       0%         N/A       100%        7
 Summon Hydra             Summ           0%         N/A       100%        7
 Lehudib's Crystal Spear  Conj/Erth      0%         10d2      100%        8
 Maxwell's Capacitive Co  Air            0%         ∞         100%        8
 Polar Vortex             Ice            0%         N/A       100%        9
 Swiftness                Air            Unusable   N/A       N/A         3

Dungeon Overview and Level Annotations

Branches:
Dungeon (15/15)            Temple (1/1) D:4            Lair (6/6) D:11
 Shoals (0/4) Lair:2       Spider (4/4) Lair:2        Slime (1/5) Lair:6
    Orc (0/2) D:9          Vaults (0/5) D:14         Depths (1/5) D:15
Ossuary (visited)           IceCv (visited)

Altars:
Ashenzari
Cheibriados
Dithmenos
Elyvilon
Gozag
Kikubaaqudgha
Makhleb
Nemelex Xobeh
Qazlal
Ru
Sif Muna
Trog
Uskayaw
Vehumet
Wu Jian
Xom
Yredelemnul
Zin
The Shining One
Beogh

Shops:
D:1 [   D:9 [!(?(   D:15 *   Spider:3 *[

Portals:
Abyss: Lair:1

Annotations:
D:8 6 runed translucent doors, diceflayer's ghost, novice MiFi
D:9 1 runed translucent door
D:14 Roxanne
Lair:1 2 transporters, ocehb's ghost, journeyman DsBr
Lair:2 exclusion: oklob plant
Lair:5 exclusion: oklob plant


Innate Abilities, Weirdness & Mutations

You are a tree.
Your roots penetrate the ground, keeping you stationary.
You cannot be teleported.
You are immune to unholy pain and torment.
Your maximum health is greatly increased.
Your equipment is partially melded.
You cannot be hasted, slowed, berserked, paralysed or teleported.
You can dig through walls and to a lower floor.
((You have a pair of large antennae on your head. (SInv)))
Your four strong arms can wield two-handed weapons with a shield.
A frigid envelope surrounds you and freezes all who hurt you.
Your spells are a little easier to cast, but a little less powerful.


Message History

Your demonic crawler hits the emperor scorpion but does no damage. x2
Your demonic crawler closely misses the emperor scorpion.
You hit the emperor scorpion but do no damage.
The emperor scorpion is severely wounded.
Your jumping spider pounces on the emperor scorpion but does no damage.
Your jumping spider barely misses the emperor scorpion.
The redback closely misses your demonic crawler.
The wolf spider hits your jumping spider!!
Your jumping spider dies!
Your jumping spider's corpse dissolves into shadows!
The emperor scorpion stings you!
* * * LOW HITPOINT WARNING * * *
The emperor scorpion is very cold.
The emperor scorpion is severely wounded.
You block the emperor scorpion's attack. x2
The redback is distracted by your dazzling golden aura.
The jumping spider leaps!
Your demonic crawler barely misses the emperor scorpion.
Your demonic crawler hits the emperor scorpion but does no damage. x2
You closely miss the emperor scorpion.
The emperor scorpion is severely wounded.
The emperor scorpion is no longer distracted by gold.
The emperor scorpion stings you but does no damage.
The emperor scorpion is very cold.
The emperor scorpion is lightly wounded.
The emperor scorpion claws you but does no damage.
The emperor scorpion is very cold.
The emperor scorpion is lightly wounded.
The emperor scorpion claws you.
* * * LOW HITPOINT WARNING * * *
The emperor scorpion is very cold.
The emperor scorpion is moderately wounded.
The emperor scorpion stings you!
* * * LOW HITPOINT WARNING * * *
You are lethally poisoned!
The emperor scorpion poisons you!
The emperor scorpion is very cold.
The emperor scorpion is almost dead.
The emperor scorpion claws you.
You die...
Your body crumbles into a pile of gold.

## .....^^. $ .^... .. ^. {
^.[.. .. ... ########.^.. ..
...{{ ########≈.^..^...#####. $
^≈.#####^...≈^......^....^^≈##
s##.s≈..^≈.°.s#....^^^^.....^≈.
≈.≈^....ss.?ss♣s..^.^..........
.......$s...ss#s.^.............
.s......$....s^..≈....≈^.......
°....^.^..^..s.########^^^....^
..^.^##^..^^.####.^.^..$^######
..## ##...### ##......≈^....≈ .
##### ##............ {{ {
{#.......$.^.. { {
##...(.......


You could see 2 emperor scorpions, a wolf spider, 2 jumping spiders, 4 redbacks,
a friendly demonic crawler (summoned), a friendly tarantella (summoned) and a
friendly redback (summoned).

Vanquished Creatures
  the Enchantress (D:15)
  Arachne (Spider:4)
  An Ice Fiend (IceCv)
  Kirke (Spider:1)
  Agnes (D:14)
  Donald (Spider:3)
  3 ghost moths
  An azure jelly (Lair:6)
  A balrug (Abyss:2)
  2 emperor scorpions
  4 entropy weavers (Spider:4)
  Nessos (Lair:5)
  A spark wasp (Spider:2)
  Snorg (D:14)
  2 ettins
  A yaktaur captain (D:15)
  2 fire dragons
  A rakshasa (D:14)
  Erolcha (D:10)
  10 hydras
  8 vault guards (D:14)
  Fannar (D:11)
  10 boulder beetles
  Erica (Lair:2)
  2 ogre magi (D:14)
  3 catoblepae
  5 centaur warriors
  A death knight (D:11)
  2 two-headed ogres (D:11)
  11 death yaks
  4 tengu warriors
  A vampire mage (D:14)
  Nergalle (D:11)
  A hell knight (D:15)
  A fire crab (shapeshifter) (D:8)
  2 goliath frogs (Lair:6)
  13 skeletal warriors
  A bog body (IceCv)
  A naga ritualist (D:15)
  A necromancer (D:15)
  2 wizards
  Pikel (D:5)
  3 deep elf pyromancers
  33 wolf spiders
  17 orb spiders
  7 cyclopes
  3 deep elf zephyrmancers (D:14)
  10 ugly things
  3 manticores
  3 moths of wrath
  A naga mage (D:14)
  The ghost of TheLostOne the Chopper, a novice GrGl of Okawaru (D:6)
  A gargoyle (D:12)
  3 torpor snails
  A merfolk siren (Lair:2)
  5 elephants
  2 black mambas (Lair:2)
  An unseen horror (shapeshifter) (D:13)
  22 cane toads
  Maggie (D:6)
  10 komodo dragons
  3 rime drakes
  A freezing wraith (IceCv)
  2 efreet
  14 demonic crawlers
  A tengu conjurer (D:15)
  An ancient zyme (Abyss:2)
  5 ice devils (IceCv)
  12 entropy weaver simulacra (IceCv)
  4 polar bears
  2 anaconda simulacra (IceCv)
  A queen bee (shapeshifter) (D:13)
  A hellwing (Abyss:2)
  34 jumping spiders
  4 trolls
  A meliai (D:13)
  A golden dragon simulacrum (IceCv)
  2 tyrant leeches (Lair:6)
  A wind drake (shapeshifter) (D:14)
  A raiju (Abyss:2)
  31 blink frogs
  Prince Ribbit (D:5)
  6 hornets
  18 slime creatures
  8 dream sheep
  45 redbacks
  A shadow (D:12)
  3 spriggans
  A vampire (D:12)
  2 wraiths
  4 spriggan simulacra (IceCv)
  3 water elementals (D:15)
  21 tarantellas
  4 dire elephant simulacra (IceCv)
  A human (shapeshifter) (D:14)
  4 wyverns
  3 hogs (Spider:1)
  57 yaks
  A neqoxec (Abyss:2)
  Eustachio (D:6)
  A large abomination (Abyss:2)
  A steam dragon (D:8)
  Menkaure (D:4)
  5 basilisks
  6 minotaur simulacra (IceCv)
  13 vampire mosquitoes
  Edmund (D:4)
  5 harpy simulacra (IceCv)
  3 wargs (D:11)
  3 acid dragons
  13 water moccasins
  Duvessa (D:6)
  4 orc warriors
  2 black bears (Lair:3)
  An ettin simulacrum (IceCv)
  A sky beast (D:5)
  9 wolves
  2 alligator simulacra (IceCv)
  2 necrophages
  3 ogres
  8 centaurs
  2 elf zombies (Ossuary)
  A kobold brigand (D:6)
  Blork the orc (Temple)
  2 gnoll sergeants
  12 bullfrogs
  6 deep troll simulacra (IceCv)
  4 scorpions
  2 elf skeletons (D:5)
  Dowan (D:6)
  A wyvern skeleton (D:7)
  3 water moccasin skeletons
  20 killer bees
  A lindwurm simulacrum (IceCv)
  12 wights
  2 electric eels
  2 howler monkeys
  A crimson imp (D:7)
  A bullfrog zombie (D:6)
  5 centaur zombies
  A gnoll shaman (D:7)
  2 human zombies (Ossuary)
  8 orc priests
  3 jellies
  3 hounds
  3 bullfrog skeletons
  An iron imp (D:9)
  2 iguanas
  10 orc wizards
  A hound zombie (D:5)
  2 mummies (Ossuary)
  8 gnolls
  11 adders
  2 river rats (D:5)
  5 white imps
  2 ufetubi
  An adder zombie (Ossuary)
  An adder skeleton (D:2)
  3 worms
  A dart slug (D:4)
  20 orcs
  9 ball pythons
  11 endoplasms
  2 giant cockroaches
  11 goblins
  5 hobgoblins
  2 jackals (D:2)
  11 kobolds
  6 quokkas
  2 bats
  5 frilled lizards
  A goblin zombie (Ossuary)
  10 hobgoblin zombies (Ossuary)
  9 kobold zombies (Ossuary)
  2 orc skeletons (D:5)
  10 orc zombies
  6 rats
  A rat zombie (Ossuary)
900 creatures vanquished.

Vanquished Creatures (collateral kills)
  An emperor scorpion (Spider:4)
  A moth of wrath (Spider:4)
  A redback (Spider:4)
3 creatures vanquished.

Vanquished Creatures (others)
  A wizard (D:14)
  A centaur zombie (D:11)
  A human (Spider:1)
  A gnoll (D:13)
  2 bushes (Lair:6)
  34 fungi
  136 plants
176 creatures vanquished.

Grand Total: 1079 creatures vanquished

Notes
Turn   | Place    | Note
-------+----------+-------------------------------------------
     0 | D:1      | madmanarnold the Formicid Fighter began the quest for the
                  | Orb.
     0 | D:1      | Reached XP level 1. HP: 18/18 MP: 1/1
   475 | D:1      | Found Meikhit's Armour Emporium.
   550 | D:1      | Reached XP level 2. HP: 24/24 MP: 2/2
   609 | D:1      | Reached skill level 3 in Polearms
   903 | D:1      | Reached XP level 3. HP: 29/29 MP: 3/3
   999 | D:2      | Found a faded altar of an unknown god.
  1446 | D:2      | Reached skill level 4 in Polearms
  1446 | D:2      | Reached XP level 4. HP: 35/35 MP: 4/4
  2491 | D:4      | Reached XP level 5. HP: 41/41 MP: 5/5
  2509 | D:4      | Found a staircase to the Ecumenical Temple.
  2530 | D:4      | Reached skill level 5 in Polearms
  2534 | D:4      | Noticed Blork the orc
  2538 | Temple   | Entered the Ecumenical Temple
  2737 | Temple   | Became a worshipper of Gozag Ym Sagoz the Greedy
  2891 | Temple   | Killed Blork the orc
  2892 | Temple   | Reached XP level 6. HP: 38/47 MP: 6/6
  2986 | D:4      | Found a white marble altar of Elyvilon.
  3142 | D:4      | Reached skill level 6 in Polearms
  3244 | D:4      | Noticed Edmund
  3256 | D:4      | Killed Edmund
  3299 | D:4      | Reached skill level 7 in Polearms
  3299 | D:4      | Reached XP level 7. HP: 52/52 MP: 7/7
  3738 | D:4      | Noticed Menkaure
  3749 | D:4      | Killed Menkaure
  3860 | D:4      | Reached skill level 8 in Polearms
  3986 | D:5      | Entered Level 5 of the Dungeon
  4119 | D:5      | Found a sand-covered staircase.
  4125 | Ossuary  | Entered an ossuary
  4363 | Ossuary  | Reached XP level 8. HP: 54/58 MP: 8/8
  4448 | Ossuary  | Reached skill level 9 in Polearms
  4632 | D:5      | Identified the +9 plate armour "Gogociug" {-Tele rF+++
                  | rN+++ Str-2}
  4699 | D:5      | Reached skill level 10 in Polearms
  5095 | D:5      | Reached XP level 9. HP: 61/64 MP: 9/9
  5531 | D:6      | Noticed Prince Ribbit
  5531 | D:6      | Noticed Eustachio
  5547 | D:5      | Killed Prince Ribbit
  5548 | D:5      | Reached skill level 11 in Polearms
  5566 | D:6      | Noticed Pikel
  5580 | D:5      | Killed Pikel
  5581 | D:5      | Reached skill level 12 in Polearms
  5637 | D:6      | Noticed Dowan
  5637 | D:6      | Noticed Duvessa
  5652 | D:6      | Killed Duvessa
  5659 | D:6      | Killed Dowan
  5681 | D:6      | Found a shimmering altar of Xom.
  5730 | D:6      | Killed Eustachio
  5864 | D:6      | Reached XP level 10. HP: 70/70 MP: 10/10
  5993 | D:6      | Noticed Maggie
  6017 | D:6      | Killed Maggie
  6018 | D:6      | Reached skill level 13 in Polearms
  6166 | D:6      | Found a large runed translucent door.
  6166 | D:6      | Found a large runed translucent door.
  6167 | D:6      | Noticed TheLostOne's ghost (novice GrGl)
  7846 | D:8      | Noticed diceflayer's ghost (novice MiFi)
  7847 | D:8      | Found a runed translucent gate.
  7848 | D:8      | Found a runed translucent gate.
  7848 | D:8      | Found a runed translucent gate.
  8028 | D:8      | Reached skill level 14 in Polearms
  8142 | D:8      | Found a runed translucent door.
  8142 | D:8      | Found a runed translucent door.
  8142 | D:8      | Noticed a manticore
  8143 | D:8      | Noticed a cyclops
  8144 | D:8      | Found a runed translucent door.
  8238 | D:8      | Noticed a catoblepas
  8238 | D:8      | Noticed a cyclops
  8238 | D:8      | Noticed a manticore
  8238 | D:8      | Noticed a fire crab
  8253 | D:8      | Killed a fire crab
  8254 | D:8      | Reached skill level 5 in Fighting
  8254 | D:8      | Reached skill level 5 in Armour
  8254 | D:8      | Reached skill level 5 in Shields
  8254 | D:8      | Reached XP level 11. HP: 47/79 MP: 11/11
  8350 | D:8      | You fall into a shaft and drop 2 floors!
  8350 | D:10     | Entered Level 10 of the Dungeon
  8350 | D:10     | Found a radiant altar of Vehumet.
  8726 | D:10     | Noticed Erolcha
  8745 | D:10     | Cast into level 1 of the Abyss (Erolcha)
  8788 | Abyss:1  | Noticed a thrashing horror
  8812 | Abyss:1  | Found a corrupted altar of Lugonu.
  8842 | Abyss:1  | Noticed a wizard
  8901 | D:10     | Escaped the Abyss
  8916 | D:10     | Killed Erolcha
 10145 | D:9      | Found a flagged portal.
 10273 | D:9      | Found Taufano's Distillery.
 10334 | D:9      | Found a snail-covered altar of Cheibriados.
 10363 | D:9      | Found a runed translucent door.
 10370 | D:9      | Identified the +10 scimitar of the Whale {elec, rF+ Will++
                  | Stlth+}
 10370 | D:9      | Noticed a centaur warrior
 10371 | D:9      | Noticed a two-headed ogre
 10423 | D:9      | Found Wuammy's Weapon Boutique.
 10594 | D:9      | Found Memos's Magic Scroll Emporium.
 10608 | D:9      | Found a staircase to the Orcish Mines.
 10639 | D:9      | Bought a scroll of acquirement for 676 gold pieces
 10639 | D:9      | Acquired 786 gold pieces
 10641 | D:9      | Bought a scroll of acquirement for 676 gold pieces
 10641 | D:9      | Acquired a +0 tower shield of cold resistance
 10665 | D:9      | Noticed a cyclops
 10670 | D:9      | Noticed a deep elf pyromancer
 10684 | D:9      | Killed a cyclops
 10688 | D:9      | Killed a deep elf pyromancer
 10794 | D:9      | Found Qewoc's Weapon Shoppe.
 10863 | D:9      | Got Wuroh's Incunabulum of the Flying Rocks
 11283 | D:9      | Found Yxefose's Antique Weapon Emporium.
 11299 | D:9      | Bought a glowing halberd for 252 gold pieces
 11359 | D:10     | Gained mutation: Your spells are a little easier to cast,
                  | but a little less powerful. [potion of mutation]
 11359 | D:10     | Gained mutation: A frigid envelope surrounds you and
                  | freezes all who hurt you. [potion of mutation]
 11500 | D:8      | Killed a catoblepas
 11501 | D:8      | Reached XP level 12. HP: 82/91 MP: 12/12
 11567 | D:8      | Identified the +5 war axe "Urualiom" {freeze, *Corrode
                  | rElec rC+ Will+}
 11567 | D:8      | Identified the +8 hand axe of the Pill Bug {drain, rC- rN+
                  | Dex+2}
 11845 | D:6      | Killed TheLostOne's ghost
 12170 | D:11     | Noticed Nergalle
 12179 | D:11     | Killed Nergalle
 12358 | D:11     | Noticed Fannar
 12451 | D:11     | Killed Fannar
 12691 | D:11     | Noticed a death knight
 12710 | D:11     | Killed a death knight
 12914 | D:11     | Noticed a two-headed ogre
 12915 | D:11     | Found a staircase to the Lair.
 12922 | D:11     | Killed a two-headed ogre
 13169 | D:11     | Noticed a two-headed ogre
 13186 | D:11     | Killed a two-headed ogre
 13187 | D:11     | Reached XP level 13. HP: 85/102 MP: 13/13
 13414 | D:12     | Noticed a four-headed hydra
 13470 | D:12     | Reached skill level 15 in Polearms
 13470 | D:12     | Reached skill level 10 in Armour
 13479 | D:12     | Reached skill level 10 in Fighting
 13501 | D:11     | Killed a seven-headed hydra
 14010 | D:12     | Found a broken altar of Ashenzari.
 14779 | D:13     | Noticed a centaur warrior
 14793 | D:13     | Killed a centaur warrior
 14796 | D:13     | HP: 5/106 [efreet (11)]
 15191 | D:13     | Noticed a boulder beetle
 15228 | D:13     | Killed a boulder beetle
 15283 | D:13     | Noticed a six-headed hydra
 15289 | D:13     | Killed a ten-headed hydra
 15301 | D:13     | Noticed a centaur warrior
 15309 | D:13     | Killed a centaur warrior
 15387 | D:13     | Noticed a boulder beetle
 15391 | D:13     | Noticed a catoblepas
 15410 | D:13     | Killed a boulder beetle
 15427 | D:13     | Killed a catoblepas
 15990 | D:14     | Reached XP level 14. HP: 113/113 MP: 14/14
 16092 | D:14     | Cast into level 2 of the Abyss (a wizard)
 16308 | Abyss:2  | Noticed a hellephant
 16331 | Abyss:2  | Noticed a balrug
 16368 | Abyss:2  | Killed a balrug
 16369 | Abyss:2  | Reached skill level 16 in Polearms
 16417 | Abyss:2  | Found a sacrificial altar of Ru.
 16429 | D:14     | Escaped the Abyss
 17504 | D:14     | Noticed Snorg
 17542 | D:14     | Killed Snorg
 18055 | D:14     | Found a gate to the Vaults.
 18336 | D:14     | Reached XP level 15. HP: 113/125 MP: 15/15
 18500 | D:14     | Identified Roxanne's Catalogue of Transmutation
 18500 | D:14     | Noticed Roxanne
 18500 | D:14     | Noticed Agnes
 18517 | D:14     | Killed Agnes
 19386 | D:14     | Found the +12 glaive of Prune {vorpal}
 19579 | D:15     | Entered Level 15 of the Dungeon
 20099 | D:15     | Found a staircase to the Depths.
 20665 | D:15     | Found Zyoss's Serpentskin Sales.
 20676 | D:15     | Bought a +2 cloak of poison resistance for 333 gold pieces
 20897 | Depths:1 | Entered Level 1 of the Depths
 20947 | Depths:1 | Noticed a white very ugly thing
 20950 | Depths:1 | Noticed the Enchantress
 20951 | Depths:1 | Noticed a spriggan defender
 20967 | D:15     | Killed the Enchantress
 20968 | D:15     | Reached skill level 15 in Armour
 21311 | Lair:1   | Entered Level 1 of the Lair of Beasts
 21329 | Lair:1   | Found an ornate altar of the Wu Jian Council.
 21352 | Lair:1   | Found a hide-covered altar of Uskayaw.
 21388 | Lair:1   | Reached skill level 15 in Fighting
 21579 | Lair:1   | Found a transporter.
 21783 | Lair:1   | Noticed ocehb's ghost (journeyman DsBr)
 21805 | Lair:1   | Found a one-way gate to the infinite horrors of the Abyss.
 21806 | Lair:1   | Found a transporter.
 21847 | Lair:1   | Reached XP level 16. HP: 132/136 MP: 16/16
 22044 | Lair:1   | You fall into a shaft and drop 1 floor!
 22097 | Lair:2   | Noticed Erica
 22106 | Lair:2   | Killed Erica
 22196 | Lair:2   | You fall into a shaft and drop 2 floors!
 22449 | Lair:2   | Found a hole to the Spider Nest.
 22755 | Lair:2   | Reached skill level 17 in Polearms
 22770 | Lair:2   | Found a staircase to the Shoals.
 24404 | Lair:4   | Identified the ring "Lampaogaob" {rPois rF+ Dex+6 Stlth+}
 24928 | Lair:5   | Noticed Nessos
 24957 | Lair:5   | Killed Nessos
 25965 | Lair:6   | Entered Level 6 of the Lair of Beasts
 26600 | Lair:6   | Reached XP level 17. HP: 144/144 MP: 17/17
 27141 | Lair:6   | Found a staircase to the Slime Pits.
 27848 | Slime:1  | Entered Level 1 of the Pits of Slime
 27852 | Slime:1  | Noticed an acid blob
 27857 | Lair:6   | Reached skill level 1 in Stealth
 28125 | Spider:1 | Entered Level 1 of the Spider Nest
 28437 | Spider:1 | Reached skill level 18 in Polearms
 28450 | Spider:1 | Reached skill level 5 in Stealth
 28493 | Spider:1 | Noticed Kirke
 28528 | Spider:1 | Killed Kirke
 29892 | Spider:2 | Reached XP level 18. HP: 155/155 MP: 18/18
 31070 | Spider:3 | Found a frozen archway.
 31078 | IceCv    | Entered an ice cave
 31357 | IceCv    | Found the +3 pair of gauntlets of War {Slay+5}
 31457 | IceCv    | Reached skill level 10 in Stealth
 31859 | IceCv    | Noticed an Ice Fiend
 31872 | IceCv    | Killed an Ice Fiend
 32008 | IceCv    | Identified the ring of Muufuisi {Fly rPois Will+ Int+4}
 32403 | Spider:3 | Noticed Donald
 32411 | Spider:3 | Killed Donald
 32791 | Spider:4 | Entered Level 4 of the Spider Nest
 32797 | Spider:3 | Bought a +0 crystal plate armour for 1120 gold pieces
 32800 | Spider:3 | Bought a pair of glowing boots for 270 gold pieces
 33022 | Spider:4 | Reached skill level 19 in Polearms
 33299 | Spider:4 | Noticed Arachne
 33333 | Spider:4 | Killed Arachne
 33334 | Spider:4 | Reached XP level 19. HP: 68/163 MP: 19/19
 33853 | Spider:4 | HP: 6/164 [emperor scorpion (12)]
 33861 | Spider:4 | HP: 1/247 [emperor scorpion (16)]
 33861 | Spider:4 | Slain by an emperor scorpion

Illustrated notes

Levels and vault maps discovered:
D:1:      dpeg_arrival_shelter, layout_basic, serial_shops, shop
D:2:      layout_basic, basic_ecumenical_altar
D:3:      layout_basic
D:4:      layout_loops_corners, elyvilon_altar_5, minmay_temple_entry_tees,
          uniq_blork_the_orc, uniq_edmund, uniq_menkaure
D:5:      layout_loops_cross, nicolae_ossuary_entry_catacombs,
          lightli_sewer_entry_pipes, chequers_serial_rivers_room_a
D:6:      layout_cave_pools, mainiacjoe_overflow_concentric_impassable,
          ebering_ghost_disaster_area, uniq_prince_ribbit1, uniq_maggie,
          uniq_eustachio, uniq_duvessa, uniq_pikel
D:7:      layout_basic, minmay_fire_ice_demons
D:8:      minmay_the_grid_triangle_9x9_recursive_2
          [minmay_the_grid_triangle_9x9_prize_top_heavy,
          minmay_the_grid_triangle_9x9_fully_insulated_deathbox,
          minmay_the_grid_triangle_9x9_steps,
          minmay_the_grid_triangle_9x9_impossible_snake], layout_gridville,
          gammafunk_ghost_split, mrwooster_statue_mirror
D:9:      layout_rooms, slow_altar_1, nicolae_overflow_hidden_temple,
          minmay_orc_entry_temple_small, serial_shops, shop,
          nicolae_lakefront_shop, nicolae_diamond_shop, nicolae_shop_trees,
          nicolae_shop_waterfront, enter_bailey_5, grunt_ministairs_15,
          minmay_st_funbox, minivault_20
D:10:     layout_loops_ring, lemuel_tele_altar, dk_vineyard_2, uniq_erolcha,
          uniq_grum
D:11:     layout_loops_ring, erik_lair_orcish_takeover, uniq_nergalle,
          uniq_fannar
D:12:     layout_cave_pools, ashenzari_conservatory_becter
D:13:     layout_roguey, nicolae_twisting_strands, minivault_25_ag
D:14:     layout_basic, erik_vaults_2, hangedman_decor_slide_cut,
          minmay_guarded_unrand_prune, uniq_roxanne, uniq_agnes, uniq_snorg
D:15:     hangedman_depths_entry_civil_slaughter, layout_basic,
          chequers_big_river, minivault_14, guppyfry_shop_venom
Temple:   regret_index_temple_waves
Lair:1:   layout_cave_pods, gammafunk_ghost_abyssal_escape,
          nzn_masters_of_martial_movement
Lair:2:   layout_chaotic_city, elwin_shoals_entry_rooms, dummy_spider_entry,
          minmay_lair_oklob_items, lemuel_fruit_tree, uniq_erica
Lair:3:   layout_cave_pods, wad_woods_02
Lair:4:   dragon1_lemuel, layout_regular_city
Lair:5:   layout_hall_layers, beast_lair_carwin_5, serial_bayou_shore_b,
          minmay_lair_oklob_chamber, serial_bayou_shore_b, grunt_megastairs_2,
          infiniplex_staircase_pool_2, uniq_nessos
Lair:6:   minmay_lair_end_frog_pond, layout_hall_layers,
          minmay_slime_entry_pillars, serial_forest,
          infiniplex_forest_clump_small, infiniplex_forest_end_3,
          infiniplex_forest_zigzag_1, infiniplex_forest_clump_diagonal,
          infiniplex_forest_lined_4_way, infiniplex_forest_clump_tiny,
          infiniplex_forest_straight_2
Spider:1: nicolae_spider_hilbert_zone_3 [nicolae_spider_hilbert_4_sides_2_open,
          nicolae_spider_hilbert_3_sides_1_open,
          nicolae_spider_hilbert_3_sides_1_open,
          nicolae_spider_hilbert_3_sides_1_open,
          nicolae_spider_hilbert_3_sides_1_open,
          nicolae_spider_hilbert_4_sides_1_open,
          nicolae_spider_hilbert_4_sides_1_open,
          nicolae_spider_hilbert_4_sides_1_open,
          nicolae_spider_hilbert_4_sides_1_open,
          nicolae_spider_hilbert_4_sides_1_open,
          nicolae_spider_hilbert_4_sides_1_open,
          nicolae_spider_hilbert_4_sides_1_open,
          nicolae_spider_hilbert_4_sides_1_open,
          nicolae_spider_hilbert_3_sides_1_open,
          nicolae_spider_hilbert_3_sides_1_open,
          nicolae_spider_hilbert_3_sides_1_open,
          nicolae_spider_hilbert_3_sides_1_open], uniq_kirke
Spider:2: layout_chambers, einodemon_crawler_minivault
Spider:3: nicolae_spider_hall_of_the_moth_king, portal_ice_cave_entry_pillars_2,
          uniq_donald
Spider:4: grunt_spider_rune_parallel, uniq_arachne
Slime:1:  layout_caves
Depths:1: layout_forbidden_donut, hellmouth_2, biasface_ghost_demon_polymorph,
          nicolae_blasting_shop, nicolae_ru_path_of_blood, uniq_enchantress

Skill      XL: |  1  2  3  4  5  6  7  8  9 10 11 12 13 14 15 16 17 18 |
---------------+-------------------------------------------------------+-----
Polearms       | 3 4 5 7 8 10 12 14 15 16 17 18 19 | 19.3
Shields        | 5 9 |  9.0
Fighting       | 5 7 9 11 13 15 16 17 18 | 18.6
Armour         | 5 7 9 11 13 15 16 17 18 | 18.0
Stealth        | 8 10 | 10.0

Action                   |  1- 3 |  4- 6 |  7- 9 | 10-12 | 13-15 | 16-18 | 19-21 || total
-------------------------+-------+-------+-------+-------+-------+-------+-------++-------
Melee: Trident           |    99 |    87 |   417 |   766 |       |       |       ||  1369
       Halberd           |       |       |       |   221 |   614 |       |       ||   835
       Glaive            |       |       |       |       |   169 |  1069 |    75 ||  1313
Invok: Potion Petition   |       |       |       |     2 |     1 |     1 |     2 ||     6
       Call Merchant     |       |       |       |     1 |       |     2 |       ||     3
 Abil: Dig               |       |       |     1 |     1 |     1 |     7 |       ||    10
       Shaft Self        |       |       |       |     1 |       |       |       ||     1
  Use: Scroll            |     3 |     4 |     5 |    13 |     2 |     7 |     1 ||    35
       Potion            |       |     1 |       |     5 |     3 |       |     1 ||    10
 Stab: Distracted        |       |       |       |     4 |     5 |    18 |     2 ||    29
       Petrified         |       |       |       |       |     2 |       |       ||     2
Armor: Scale mail        |    18 |    33 |    42 |       |       |       |       ||    93
       Plate armour      |       |       |    91 |   367 |   328 |   502 |    77 ||  1365
       Skin              |       |       |       |    15 |       |       |     4 ||    19
Dodge: Dodged            |    22 |    27 |    46 |   126 |    74 |   144 |    14 ||   453
Block: Kite shield       |    39 |    29 |   134 |   282 |       |       |       ||   484
       Tower shield      |       |       |       |   185 |   509 |   670 |    85 ||  1449
